 Dungeon Crawl Stone Soup version 0.28-b1-25-g9875b3fc8c (webtiles) character file.

Game seed: 12882062746810251016

3558 pkoi the Cleaver (level 9, -10/79 HPs)
             Began as a Minotaur Gladiator on Feb 1, 2022.
             Was an Initiate of Gozag.
             Mangled by an orc warrior (26 damage)
             ... in a bailey.
             The game lasted 00:08:46 (8411 turns).

pkoi the Cleaver (Minotaur Gladiator)               Turns: 8411, Time: 00:08:48

Health: -10/79     AC:  7    Str: 27    XL:     9   Next: 83%
Magic:  8/8        EV: 12    Int:  5    God:    Gozag
Gold:   322        SH:  0    Dex: 13    Spells: 8/8 levels left

rFire   . . .      SeeInvis +   a - +1 war axe (vorpal)
rCold   . . .      Faith    .   (no shield)
rNeg    . . .      Spirit   .   p - +0 leather armour of Purpose {rCorr Str+5}
rPois   .          Reflect  .   c - +0 hat
rElec   .          Harm     .   y - +0 cloak
rCorr   +          Rampage  .   (no gloves)
Will    +....                   f - +1 pair of boots
Stlth   +.........              z - amulet of regeneration
HPRegen 1.03/turn               m - ring of see invisible
MPRegen 0.11/turn               i - ring of willpower

@: no status effects
A: horns 2, retaliatory headbutt
a: Renounce Religion, Potion Petition, Call Merchant, Bribe Branch


You were in a bailey.
You worshipped Gozag.
Gozag was aware of your devotion.
You visited 2 branches of the dungeon, and saw 8 of its levels.
You also visited: Ossuary and Bailey.

You collected 1126 gold pieces.
You paid 804 gold pieces to Gozag.

Inventory:

Hand Weapons
 a - a +1 vorpal war axe (weapon)
Missiles
 d - 3 throwing nets
 h - 11 poisoned darts (quivered)
Armour
 b - a +0 leather armour
 c - a +0 hat (worn)
 f - a +1 pair of boots (worn)
 k - a +2 leather armour of cold resistance
 n - a +0 chain mail
 p - the +0 leather armour of Purpose (worn) {rCorr Str+5}
   (You found it on level 5 of the Dungeon)

   Str:       It affects your strength (+5).
   rCorr:     It protects you from acid and corrosion.
 y - a +0 cloak (worn)
 B - a +0 plate armour
Jewellery
 i - a ring of willpower (right hand)
 m - a ring of see invisible (left hand)
 z - an amulet of regeneration (around neck)
 A - a ring of ice
Wands
 x - a wand of charming (7)
Scrolls
 e - 6 scrolls of identify
 l - a scroll of magic mapping
 o - 2 scrolls of teleportation
 s - 2 scrolls of fog
 u - 2 scrolls of fear
 D - a scroll of summoning {unknown}
Potions
 g - 2 potions of curing
 j - a potion of resistance
 q - a potion of mutation {unknown}
 r - a potion of haste
 t - 3 potions of heal wounds
 v - a potion of brilliance
 w - a potion of cancellation {unknown}
 C - a potion of magic {unknown}
 E - a potion of might {unknown}


   Skills:
 + Level 7.2 Fighting
 + Level 12.3 Axes
 - Level 2.0 Throwing
 + Level 6.6 Armour
 - Level 3.2 Dodging
 * Level 5.3 Evocations


You had 8 spell levels left.
You didn't know any spells.
Your spell library contained the following spells:

 Spells                   Type           Power      Damage    Failure   Level
 Summon Small Mammal      Summ           0%         N/A       52%         1
 Sublimation of Blood     Necr           0%         N/A       65%         2
 Call Canine Familiar     Summ           0%         N/A       87%         3
 Confusing Touch          Hex            0%         N/A       87%         3
 Summon Guardian Golem    Hex/Summ       0%         N/A       87%         3
 Petrify                  Tmut/Erth      0%         N/A       99%         4
 Irradiate                Conj/Tmut      0%         3d13      100%        5
 Yara's Violent Unravell  Hex/Tmut       0%         3d3       100%        5
 Enfeeble                 Hex            0%         N/A       100%        7


Dungeon Overview and Level Annotations

Branches:
Dungeon (7/15)             Temple (1/1) D:4         Ossuary (visited)
 Bailey (1/1)

Altars:
Ashenzari
Cheibriados
Dithmenos
Elyvilon
Fedhas
Gozag
Hepliaklqana
Makhleb
Nemelex Xobeh
Okawaru
Qazlal
Trog
Uskayaw
Vehumet
Wu Jian
Xom
Yredelemnul
Zin
The Shining One

Shops:
D:6 (

Annotations:
D:5 Sigmund


Innate Abilities, Weirdness & Mutations

You have a pair of horns on your head.
You reflexively headbutt those who attack you in melee.


Message History

The orc warlord is charmed.
The orc warrior is no longer distracted by gold.
The gnoll hits you with a +0 hand axe.
The gnoll hits your orc warlord with a +0 hand axe.
The goblin hits you but does no damage.
The goblin is no longer distracted by gold.
Your orc warlord hits the gnoll with a +0 great sword!
The goblin is distracted by your dazzling golden aura.
The goblin barely misses you. You furiously retaliate!
You headbutt the goblin!
You kill the goblin!
Your orc warlord hits the orc with a +0 great sword!!
The orc dies!
The orc warrior hits you with a +0 war axe!!
* * * LOW HITPOINT WARNING * * *
The gnoll hits you with a +0 hand axe.
* * * LOW HITPOINT WARNING * * *
The goblin shouts!
You slash the orc warrior!
The orc warrior is heavily wounded.
You barely miss the gnoll. The orc warrior closely misses you.
You furiously retaliate!
You headbutt the orc warrior!
You kill the orc warrior!
The orc warrior is distracted by your dazzling golden aura.
The gnoll hits you but does no damage.
The gnoll hits your orc warlord but does no damage.
The orc warrior shouts!
You slash the gnoll!
You kill the gnoll!
The goblin is no longer distracted by gold.
The goblin is distracted by your dazzling golden aura.
Unknown command.
You closely miss the orc warrior.
The orc warrior is no longer distracted by gold.
The goblin shouts!
You hit the orc warrior but do no damage.
Your headbutt misses the orc warrior.
The goblin is no longer distracted by gold.
The orc warrior hits you with a +0 war axe!!
You die...
Your body crumbles into a pile of gold.

##'####...g.o.o...####)##
##.....##.........##..)..##
#.......#.........#..)))..#
##.......##......o##.......##
#.........#...o.. #...))....#
#......)..###... ##..)).....##
.....⌠.....###'###...))).....#
#.........##88.88##.........##
#.........#...$$@.#.........#
##....)).##....oo$##.......##
#....)).'......$..'.......#
##.....##)........##.....##
#######.....g.....#######
##.........## #.........#
##..$$...## #.......#


You could see an orc warrior (strong, ally target), a goblin and a friendly orc
warlord (charmed).

Vanquished Creatures
  2 orc knights (Bailey)
  A water moccasin (D:5)
  A black bear (D:4)
  3 ice beasts
  7 orc warriors (Bailey)
  A centaur (D:6)
  3 ogres
  2 phantoms
  A bullfrog (D:7)
  2 elf zombies (Ossuary)
  Blork the orc (D:5)
  3 wights (D:6)
  A bullfrog zombie (D:6)
  A centaur zombie (D:5)
  3 hounds
  A bullfrog skeleton (D:6)
  A centaur skeleton (D:7)
  A human zombie (Ossuary)
  2 iguanas (D:6)
  2 mummies (Ossuary)
  A howler monkey skeleton (D:7)
  11 gnolls
  4 adders
  3 white imps
  2 adder zombies (Ossuary)
  A worm (D:2)
  3 dart slugs
  18 orcs
  6 bats
  9 endoplasms
  A giant cockroach (D:1)
  21 hobgoblins
  4 jackals (D:3)
  A quokka (D:1)
  10 ball pythons
  3 frilled lizards
  24 goblins
  A goblin zombie (Ossuary)
  14 hobgoblin zombies (Ossuary)
  4 jackal zombies (Ossuary)
  8 kobolds
  4 kobold zombies (Ossuary)
  9 orc zombies (Ossuary)
  A quokka skeleton (D:4)
  4 rats
  A spectral orc (D:4)
207 creatures vanquished.

Vanquished Creatures (collateral kills)
  An orc (Bailey)
1 creature vanquished.

Vanquished Creatures (others)
  A plant (D:4)
1 creature vanquished.

Grand Total: 209 creatures vanquished

Notes
Turn   | Place    | Note
-------+----------+-------------------------------------------
     0 | D:1      | pkoi the Minotaur Gladiator began the quest for the Orb.
     0 | D:1      | Reached XP level 1. HP: 18/18 MP: 0/0
   152 | D:1      | Reached skill level 4 in Axes
   344 | D:1      | Reached XP level 2. HP: 22/25 MP: 1/1
   909 | D:2      | Reached skill level 5 in Axes
   943 | D:2      | Noticed an ogre
   949 | D:2      | Killed an ogre
   950 | D:2      | Reached skill level 6 in Axes
   950 | D:2      | Reached XP level 3. HP: 8/30 MP: 2/2
   950 | D:2      | Reached XP level 4. HP: 10/37 MP: 3/3
  1676 | D:2      | Found a faded altar of an unknown god.
  2100 | D:2      | Reached skill level 7 in Axes
  2100 | D:2      | Reached XP level 5. HP: 35/42 MP: 4/4
  3306 | D:3      | Found a bloodstained altar of Trog.
  3584 | D:4      | Found a staircase to the Ecumenical Temple.
  3593 | Temple   | Entered the Ecumenical Temple
  3816 | Temple   | Became a worshipper of Gozag Ym Sagoz the Greedy
  3880 | D:4      | Found a sand-covered staircase.
  3884 | Ossuary  | Entered an ossuary
  3929 | Ossuary  | Reached skill level 8 in Axes
  4033 | Ossuary  | Reached XP level 6. HP: 42/50 MP: 5/5
  4062 | Ossuary  | Reached skill level 9 in Axes
  4314 | D:4      | Found a white marble altar of Elyvilon.
  4512 | D:4      | Found a faded altar of an unknown god.
  4512 | D:4      | Found a stormy altar of Qazlal.
  4518 | D:4      | Found an iron altar of Okawaru.
  4520 | D:4      | Found an ornate altar of the Wu Jian Council.
  4522 | D:4      | Found a faded altar of an unknown god.
  4618 | D:4      | Reached XP level 7. HP: 52/56 MP: 6/6
  5057 | D:4      | Found a basalt altar of Yredelemnul.
  5195 | D:5      | Entered Level 5 of the Dungeon
  5298 | D:5      | Reached skill level 10 in Axes
  5701 | D:5      | Identified the +0 leather armour of Purpose {rCorr Str+5}
  5713 | D:5      | Noticed Blork the orc
  5721 | D:5      | Killed Blork the orc
  5722 | D:5      | Reached skill level 1 in Armour
  6318 | D:5      | Reached XP level 8. HP: 65/66 MP: 7/7
  6527 | D:5      | Noticed Sigmund
  6582 | D:6      | Reached skill level 11 in Axes
  6850 | D:6      | Found Weshroo's Firing Range.
  6884 | D:6      | Reached skill level 5 in Fighting
  7294 | D:6      | Reached skill level 1 in Evocations
  7814 | D:7      | Reached skill level 5 in Armour
  7849 | D:7      | Found a flagged portal.
  7866 | Bailey   | Entered a bailey
  7910 | Bailey   | Reached XP level 9. HP: 55/75 MP: 8/8
  7943 | Bailey   | Noticed an orc knight
  7963 | Bailey   | Killed an orc knight
  8065 | Bailey   | Noticed an orc knight
  8086 | Bailey   | Killed an orc knight
  8087 | Bailey   | Reached skill level 12 in Axes
  8379 | Bailey   | Noticed an orc warlord
  8389 | Bailey   | HP: 1/78 [orc warrior (18)]
  8400 | Bailey   | Reached skill level 5 in Evocations
  8411 | Bailey   | Mangled by an orc warrior

Illustrated notes

Levels and vault maps discovered:
D:1:      dpeg_arrival_orchard, layout_basic
D:2:      layout_loops_cross, chequers_ecumenical_altar_simple_redux
D:3:      layout_basic, nicolae_overflow_hidden_temple
D:4:      minmay_skewed_foursquare, layout_gridville,
          chequers_temple_overflow_minitemple, nicolae_elyvilon_peaceful_grove,
          yredelemnul_forgotten_temple_becter, minmay_temple_entry_statues,
          serial_bayou, serial_bayou_shore_b, serial_bayou_crossing,
          serial_bayou_pond_e, lightli_ossuary_entry_decrepit_ruins
D:5:      layout_loops_corners, minivault_23, sigmund_edmund_badplayer,
          uniq_blork_the_orc
D:6:      layout_basic, nicolae_shop_firing_range, uniq_edmund
D:7:      layout_loops_ring, enter_bailey_3, nrook_uturn, kennysheep_boxes,
          uniq_menkaure
Temple:   nicolae_temple_figure_eight
Bailey:   bailey_axe_minmay_hex_keep, bailey

Skill      XL: |  1  2  3  4  5  6  7  8  9 |
---------------+----------------------------+-----
Axes           | 4 6 7 8 9 10 11 12 | 12.3
Armour         | 2 5 6 |  6.6
Fighting       | 3 5 7 |  7.2
Evocations     | 2 5 |  5.3
Throwing       | |  2.0
Dodging        | |  3.2

Action                   |  1- 3 |  4- 6 |  7- 9 || total
-------------------------+-------+-------+-------++-------
Melee: War axe           |    49 |   167 |   201 ||   417
       Headbutt          |     4 |    28 |    31 ||    63
       Punch             |       |     1 |     1 ||     2
Throw: Dart              |       |       |     5 ||     5
Invok: Potion Petition   |       |       |     2 ||     2
Evoke: Wand              |       |       |     1 ||     1
  Use: Potion            |     3 |       |     6 ||     9
       Scroll            |       |     5 |     6 ||    11
 Stab: Distracted        |       |     2 |       ||     2
Armor: Leather armour    |    18 |    66 |    37 ||   121
       Chain mail        |       |       |     2 ||     2
Dodge: Dodged            |    42 |   115 |    96 ||   253
